← All builds
Air / Cortex / Economy first / OBSERVED BUILD

Standard air

Cortex Air build order · Supreme Isthmus

Economy-first air build: Aircraft Plant then Advanced Metal Extractor and Fusion Reactor, making transports and scouts for allies while transitioning into fighters and occasional bombers over the whole game.

Usually transports first (78%)

#eco #air #team support · 1496 distinct matches · 252 players · 80% of Cortex Air games · team won 46% of 1799 · Recently observed

HOW TO PLAY IT

Key timing: Aircraft Plant by 1:24

  1. Open 3 mex and wind, then drop Aircraft Plant early.
  2. Finish Aircraft Plant and start fighters for scouting and defense.
  3. Eat the Aircraft Plant once production needs outgrow it.
  4. Get Advanced Metal Extractor up to scale eco.
  5. Bring Fusion Reactor online and keep feeding transports, scouts, fighters to allies.

Phase by phase

TYPICAL OF ITS 1496 GAMES
  1. 1
  2. 2
  3. 3
PLAY THE OPENING

Follow the example game's first 6:00 step by step: what to build now, what comes next, and where it goes. At 1× it keeps pace with your own game.

  1. 1

    Up to the Aircraft Plant

    Economy
    • Metal Extractor3Mex
    • Wind Turbine4Wind
    Order
    1. Aircraft PlantAircraft Plant after 3 mex, 4 winddone ~1:26, middle half 1:14–1:35

    Some games also: energy storage (38%)

    By 1:07 in all: 3 mex · 4 wind

    The example game in this phase · 3 steps
    1. Mex ×3
    2. Wind ×4
    3. Aircraft PlantAircraft Plantdone 1:16 · typical 1:26
  2. 2

    Aircraft Plant to 5:00

    Economy
    • Metal Extractor1Mex
    • Wind Turbine9Wind
    • Wind Turbine3Wind
    Builders
    • Construction Turret2 Con turret
    • Construction Aircraft1 Con aircraft
    Army
    • Valiant5 Valiant
    • Hercules2 Light transport for allies
    • Finch2 Finch for allies
    • Finch1 Finch
    • Hephaestus1 Heavy transport for allies

    Some games also: shuriken (49%) · energy storage (45%) · converter (44%) · light transport (40%)

    By 5:00 in all: 3 mex · 1 mex · 13 wind · 3 wind · 1 energy storage · 2 con turret

    The example game in this phase · 26 steps
    1. Wind
    2. FinchFinch
    3. Wind ×2
    4. FinchFinchfor Beach sea
    5. Wind ×2
    6. FinchFinchfor Geo sea
    7. HerculesLight transportfor Geo sea
    8. ShurikenShurikenfor Geo sea
    9. ValiantValiant ×4
    10. Wind ×2
    11. ValiantValiant
    12. Mex
    13. Wind ×3
    14. ValiantValiant
    15. Energy storage
    16. ValiantValiant
    17. Con turret
    18. ValiantValiant
    19. HerculesLight transportfor Tech
    20. Con turret
    21. Wind ×2
    22. HerculesLight transportfor Tech
    23. ValiantValiant
    24. Wind ×3
    25. Wind
    26. Wind
  3. 3

    5:00 to 10:00

    Economy
    • Wind Turbine21Wind
    • Wind Turbine5Wind
    • Energy Converter6Converter
    Order
    1. Aircraft PlantEat Aircraft Plant
    2. Aircraft PlantAircraft Plant after 19 wind, 18 wind, 7 converterin 58% of games
    Builders
    • Construction Turret3 Con turret
    Army
    • Valiant9 Valiant

    Some games also: shuriken (48%) · fusion (38%) · con aircraft (35%) · light transport (31%)

    By 10:00 in all: 3 mex · 1 mex · 25 wind · 20 wind · 8 converter · 1 energy storage

    The example game in this phase · 136 steps
    1. Wind ×3
    2. Converter
    3. Wind ×2
    4. Converter
    5. Wind
    6. Converter
    7. ValiantValiant
    8. Converter ×2
    9. Wind
    10. Converter
    11. Wind
    12. Advanced Metal ExtractorT2 mexdone 6:37 · typical 6:54
    13. ValiantValiant
    14. Converter
    15. Wind ×2
    16. ValiantValiant
    17. Wind
    18. ValiantValiant
    19. Advanced Metal ExtractorT2 mex
    20. Wind ×4
    21. ValiantValiant
    22. Wind
    23. ValiantValiant
    24. Wind
    25. Con turret
    26. ValiantValiant
    27. Advanced Metal ExtractorT2 mex
    28. Con turret
    29. ValiantValiant ×3
    30. Wind
    31. ValiantValiant
    32. Wind
    33. ValiantValiant
    34. Wind
    35. ValiantValiant
    36. Wind ×2
    37. ValiantValiant
    38. Wind
    39. Advanced Metal ExtractorT2 mex
    40. ValiantValiant ×2
    41. Wind
    42. ValiantValiant
    43. Wind
    44. ShurikenShuriken
    45. Wind
    46. ShurikenShuriken
    47. Wind ×2
    48. ShurikenShuriken
    49. Wind
    50. ShurikenShuriken ×5
    51. Con turret
    52. Wind
    53. ShurikenShuriken
    54. Fusion ReactorFusiondone 10:53 · typical 10:53
    55. ShurikenShuriken
    56. Wind
    57. ValiantValiant
    58. Wind
    59. ValiantValiant ×5
    60. Wind
    61. ValiantValiant
    62. ShurikenShuriken ×5
    63. Advanced Metal ExtractorT2 mex
    64. ShurikenShuriken
    65. Wind
    66. ShurikenShuriken ×4
    67. Fusion ReactorFusion
    68. ShurikenShuriken ×2
    69. Wind
    70. ShurikenShuriken ×5
    71. Wind
    72. ShurikenShuriken ×2
    73. Wind
    74. ShurikenShuriken
    75. ValiantValiant
    76. Wind
    77. ValiantValiant ×2
    78. Wind
    79. ValiantValiant
    80. Wind
    81. ValiantValiant ×2
    82. Wind
    83. ValiantValiant
    84. Wind
    85. ValiantValiant
    86. Wind
    87. Advanced Metal ExtractorT2 mex
    88. ValiantValiant ×2
    89. Wind
    90. ValiantValiant ×2
    91. Con turret
    92. ValiantValiant ×7
    93. Con turret
    94. ValiantValiant
    95. Con turret ×2
    96. ValiantValiant
    97. Con turret
    98. ValiantValiant
    99. Wind
    100. ValiantValiant
    101. ShurikenShuriken
    102. Wind
    103. ShurikenShuriken ×2
    104. Wind
    105. ShurikenShuriken ×11
    106. Wind
    107. Advanced Radar TowerAdvanced Radar Tower
    108. ShurikenShuriken ×2
    109. TracerTracer
    110. ShurikenShuriken ×4
    111. ValiantValiant ×4
    112. Wind
    113. ValiantValiant ×8
    114. Fusion ReactorFusion
    115. Wind
    116. ValiantValiant ×2
    117. Construction AircraftCon aircraft
    118. ValiantValiant
    119. Aircraft PlantAircraft Plantdone 14:35
    120. Construction AircraftCon aircraft
    121. ValiantValiant
    122. Construction AircraftCon aircraft
    123. ValiantValiant
    124. Wind
    125. Con turret
    126. ValiantValiant
    127. Con turret ×3
    128. Fortification WallFortification Wall
    129. Con turret ×2
    130. Construction AircraftCon aircraft
    131. Fortification WallFortification Wall
    132. Con turret ×2
    133. Wind
    134. Fortification WallFortification Wall
    135. ValiantValiant ×2
    136. Con turret

Counts are medians over the build's games: half of them build more, half fewer. The example game is Hunfore's (32 OS, 14/10/2026); pick another.

Team trades

IN AT LEAST 30% OF ITS GAMES

You hand over

  • Finch2 Finch to Geo sea or Beach seafirst at 1:51 · in 96% of games
  • Hercules3 Light transport to Tech or Geo sea or Beach seafirst at 2:06 · in 99% of games
  • Hephaestus1 Heavy transport to Beach sea or Pond or Techfirst at 2:23 · in 72% of games

You get

  • Wind Turbine3 Wind from Beach sea or Geo seafirst at 1:37 · in 64% of games
  • Wind Turbine3 Wind from Beach sea or Geo sea or Pondfirst at 1:42 · in 46% of games
  • Construction Bot1 Con bot from Techfirst at 2:23 · in 88% of games
  • Advanced Construction Bot1 T2 con bot from Techfirst at 6:05 · in 96% of games

How it plays out

Typical game of this build, running totals by minute

Metal produced

010k20k30k
0:005:0010:0015:00

metal

Enemy metal destroyed

01k2k
0:005:0010:0015:00

metal

Own metal lost

01k2k3k
0:005:0010:0015:00

metal

1799 games.

Show as table
ByMetal produced: This buildEnemy metal destroyed: This buildOwn metal lost: This build
1:0039200
2:0092300
3:00145600
4:002052051
5:0027635173
6:003705102124
7:005088146167
8:006898190219
9:009278232270
10:0011753292384
11:0014351373538
12:0017061513781
13:00198507811102
14:002270012641689
15:002570818042405
WHAT THE NUMBERS SAY

Standard air play wins less than half its games, with very low combat losses and kills since the role mostly supports rather than fights.

  • + Own metal lost stays very low, only 2701 by 15:00.
  • + Metal production reaches 25740 by 15:00, a strong support economy.
  • − Team wins under half of games (47%).
  • − Enemy metal destroyed stays low at 2097 by 15:00, showing little direct impact.
THE EXAMPLE YOU ARE READING

Hunfore

32.4 OS · 14/10/2026

Open source match ↗

19 received units · includes a constructor
180 metal received · 36134 energy received

Allied construction assistance is unknown. Timings are observations, not a promise of solo reproducibility.

Typical milestones

Aircraft Plant1:26Middle 50%: 1:14–1:35 · n=1799
Advanced Metal Extractor6:54Middle 50%: 6:27–7:26 · n=1740
Fusion Reactor10:53Middle 50%: 9:47–12:18 · n=1151

Played most by

TheGeneraI114games of this buildDad_The_Speedrunner72games of this buildHunfore62games of this buildMilkdragon51games of this buildAdeus50games of this build
Standard air · Cortex Air build order · BAR Build Atlas